 Dungeon Crawl Stone Soup version 0.21-a0-404-g291f19a (webtiles) character file.

127 Barriton the Slasher (level 4, 0/40 HPs)
             Began as a Draconian Monk on Oct 29, 2017.
             Slain by a gnoll
             ... wielding a +0 spear
              (4 damage)
             ... on level 3 of the Dungeon.
             The game lasted 00:06:43 (2610 turns).

Barriton the Slasher (Draconian Monk)               Turns: 2610, Time: 00:06:44

Health: 0/40       AC:  5    Str: 13    XL:     4   Next: 85%
Magic:  0/4        EV: 13    Int: 12    God:
Gold:   91         SH:  0    Dex: 15    Spells: 3/3 levels left

rFire    . . .     SeeInvis .   a - +0 falchion
rCold    . . .     Gourm    .   (no shield)
rNeg     . . .     Faith    .   (armour unavailable)
rPois    .         Spirit   +   (helmet restricted)
rElec    .         Reflect  .   (no cloak)
rCorr    .         Harm     .   (no gloves)
MR       .....                  (no boots)
Stlth    ++........             f - amulet of guardian spirit
HPRegen  0.13/turn              s - +2 ring of intelligence
MPRegen  0.09/turn              (no ring)

@: no status effects
A: unfitting armour, cold-blooded, AC +5
a: no special abilities


You were on level 3 of the Dungeon.
You were not hungry.

You visited 1 branch of the dungeon, and saw 3 of its levels.

You collected 91 gold pieces.

Inventory:

Hand Weapons
 a - a +0 falchion (weapon)
Missiles
 i - 67 arrows
Jewellery
 f - an amulet of guardian spirit (around neck)
 s - a +2 ring of intelligence (left hand)
Scrolls
 d - a scroll of fog
 j - 3 scrolls of recharging
 l - a scroll of identify
 o - a scroll of blinking {unknown}
Potions
 c - a potion of invisibility {unknown}
 e - a potion of lignification {unknown}
 g - a potion of agility {unknown}
 h - a potion of haste {unknown}
 k - a potion of resistance {unknown}
 m - a potion of magic {unknown}
 r - 2 potions of curing {unknown}
Comestibles
 b - a bread ration
 n - 6 chunks of flesh


   Skills:
 + Level 4.1 Fighting
 + Level 4.4 Long Blades
 + Level 3.1 Dodging
 + Level 2.4 Stealth


You had 3 spell levels left.
You didn't know any spells.

Dungeon Overview and Level Annotations

Branches:
Dungeon (3/15)

Altars:
Fedhas
Hepliaklqana
Okawaru
Qazlal
Sif Muna


Innate Abilities, Weirdness & Mutations

Your plain brown scales are hard. (AC +5)
You cannot fit into any form of body armour.
You are cold-blooded and may be slowed by cold attacks.


Message History

You barely miss the goblin.
The goblin is moderately wounded.
The goblin hits you with a club.
* * * LOW HITPOINT WARNING * * *
You hit the goblin.
You kill the goblin!
You see here a club.
You hit the gnoll.
The gnoll is lightly wounded.
The gnoll hits you with a spear.
* * * LOW HITPOINT WARNING * * *
The gnoll hits you but does no damage. The gnoll hits you but does no damage.
The gnoll hits you.
* * * LOW HITPOINT WARNING * * *
A frilled lizard comes into view.
You enter the shallow water.
Moving in this stuff is going to be slow.
The gnoll hits you from afar with a spear.
You die...

#.# #..###≈≈≈≈≈≈###...# #.#
#.........≈≈......# ..#. #.#
#...)......≈≈...#.# ..#.
#.#####......≈≈....≈..#.# ##....
#<##.#......≈..≈≈..≈..#.# #.....
#.#........)≈..l.≈≈...#.# #...#
#....#.....).≈≈⌠.....(..###...#
####.##.......⌠≈≈g.g.g........#.
#.###...≈≈..@.≈....g.........
###.###..≈..≈≈..≈.....####.#.##
#.._..#..≈....≈≈......# #.#...
#.#.#.[...≈≈.........## #.#..#
#.#.###..[.≈≈.....)..# #g#..#
#...###.###≈≈≈≈≈≈###.# #.#..#
#......)###≈≈≈≈##########.#..#
#..###### #######.gg.gg.g.†...
##...## #.##.##########.#


You could see 4 gnolls and a frilled lizard (wandering).

Vanquished Creatures
  Jessica (D:2)
  A worker ant (D:2)
  A shadow imp (D:3)
  3 worms (D:2)
  3 dart slugs
  An orc (D:3)
  2 ball pythons
  5 bats
  2 giant cockroaches (D:2)
  8 goblins
  5 hobgoblins
  2 jackals (D:3)
  A quokka (D:3)
  A frilled lizard (D:2)
  6 kobolds
  10 rats
52 creatures vanquished.

Notes
Turn   | Place    | Note
-------+----------+-------------------------------------------
     0 | D:1      | Barriton the Draconian Monk began the quest for the Orb.
     0 | D:1      | Reached XP level 1. HP: 19/19 MP: 1/1
    95 | D:1      | Reached XP level 2. HP: 9/26 MP: 2/2
   853 | D:2      | Reached XP level 3. HP: 32/33 MP: 3/3
   893 | D:2      | Found a stormy altar of Qazlal.
   895 | D:2      | Found a blossoming altar of Fedhas.
   895 | D:2      | Noticed Jessica
   901 | D:2      | Killed Jessica
   932 | D:2      | Reached XP level 4. HP: 22/40 MP: 1/4
  1391 | D:2      | Found an iron altar of Okawaru.
  1451 | D:2      | Found a hazy altar of Hepliaklqana.
  2338 | D:3      | Found a deep blue altar of Sif Muna.
  2590 | D:3      | HP: 1/40 [gnoll (3)]
  2610 | D:3      | Slain by a gnoll

Vault maps used:
D:1:      zaba_arrival_water
D:2:      grunt_temple_overflow_forces_of_nature,
          nicolae_overflow_crystal_walls, lemuel_coloured_pillars_altar,
          uniq_jessica
D:3:      cheibrodos_helix_gallery, lemuel_crystal_altar

Skill      XL: |  1  2  3 |
---------------+----------+-----
Stealth        | 2 |  2.4
Dodging        | 3 |  3.1
Fighting       | 4 |  4.1
Long Blades    | 4 |  4.4

Action                   |  1- 3 |  4- 6 || total
-------------------------+-------+-------++-------
Melee: Falchion          |    56 |   100 ||   156
       Tailslap          |    11 |    16 ||    27
  Use: Scroll            |     4 |     7 ||    11
 Stab: Sleeping          |     3 |     3 ||     6
       Distracted        |       |     1 ||     1
  Eat: Chunk             |       |     3 ||     3
       Bread ration      |       |     1 ||     1
Armor: Skin              |    14 |    35 ||    49
Dodge: Dodged            |    40 |    66 ||   106
       Rpst.: Falchion   |    21 |    22 ||    43

Table legend:
 A = Spawn XP
 B = Non-spawn XP
 C = Spawn XP percentage of total XP
 D = Spawn monster count
 E = Non-spawn monster count
 F = Spawn count percentage of total count
 G = Total turns spent on level
                    A         B        C        D         E        F      G
               +---------+---------+-------+---------+---------+-------+---------
         Total |       0 |     182 |   0.0 |       0 |      52 |   0.0 |  2610
               +---------+---------+-------+---------+---------+-------+---------
           D:1 |       0 |      35 |   0.0 |       0 |      21 |   0.0 |   785
           D:2 |       0 |     109 |   0.0 |       0 |      17 |   0.0 |  1550
           D:3 |       0 |      38 |   0.0 |       0 |      14 |   0.0 |   275
               +---------+---------+-------+---------+---------+-------+---------
